 Dungeon Crawl Stone Soup version 0.26-a0-651-gb41185065b (webtiles) character file.

Game seed: 17142088682012698225

10 Lanoc the Sneak (level 2, -1/25 HPs)
             Began as a Formicid Delver on Oct 30, 2020.
             Slain by an adder (5 damage)
             ... on level 3 of the Dungeon.
             The game lasted 00:01:09 (545 turns).

Lanoc the Sneak (Formicid Delver)                    Turns: 545, Time: 00:01:09

Health: -1/25      AC:  3    Str: 16    XL:     2   Next: 30%
Magic:  2/2        EV: 12    Int:  9    God:
Gold:   16         SH:  0    Dex: 12    Spells: 1/1 levels left

rFire    . . .     SeeInvis +   a - +0 falchion
rCold    . . .     Faith    .   (no shield)
rNeg     . . .     Spirit   .   b - +0 leather armour
rPois    .         Reflect  .   (helmet unavailable)
rElec    .         Harm     .   (no cloak)
rCorr    .         Rampage  .   (no gloves)
MR       .....                  (no boots)
Stlth    +++.......             (no amulet)
HPRegen  0.08/turn              (no ring)
MPRegen  0.08/turn              (no ring)

@: lethally poisoned (-1 -> -7)
A: permanent stasis, dig shafts and tunnels, four strong arms, antennae 3
a: Dig, Shaft Self


You were on level 3 of the Dungeon.
You visited 1 branch of the dungeon, and saw 3 of its levels.

You collected 16 gold pieces.

Inventory:

Hand Weapons
 a - a +0 falchion (weapon)
Armour
 b - a +0 leather armour (worn)
Wands
 f - a wand of digging (3)
Scrolls
 c - a scroll of fog
 d - a scroll of magic mapping
 e - a scroll of fear
 g - 2 scrolls of teleportation {unknown}
 h - 2 scrolls of remove curse {unknown}
 j - 2 scrolls of identify {unknown}
 k - a scroll of enchant armour {unknown}
Potions
 i - a potion of heal wounds {unknown}


   Skills:
 + Level 3.6 Fighting
 - Level 2.0 Long Blades
 + Level 2.2 Dodging
 - Level 6.0 Stealth


You had one spell level left.
You didn't know any spells.
Your spell library was empty.

Dungeon Overview and Level Annotations

Branches:
Dungeon (5/15)
 Temple: D:4-7

Altars:
Gozag


Innate Abilities, Weirdness & Mutations

You cannot be hasted, slowed, berserked, paralysed or teleported.
You can dig through walls and to a lower floor.
Your four strong arms can wield two-handed weapons with a shield.
You have a pair of large antennae on your head. (SInv)


Message History

You feel sick. The adder bites you but does no damage.
You barely miss the adder.
The adder is moderately wounded.
You feel sick. The adder barely misses you. The adder closely misses you.
You riposte.
You barely miss the adder.
The adder is moderately wounded.
Your leather armour prevents you from hitting the adder.
The adder is moderately wounded.
You feel sick. The adder bites you.
You hit the adder.
The adder is almost dead.
You feel sick. The adder barely misses you.
You riposte.
You miss the adder.
The adder is almost dead.
The adder bites you but does no damage.
You barely miss the adder.
The adder is almost dead.
The adder bites you.
* * * LOW HITPOINT WARNING * * *
The adder bites you.
You die...

#$... ##### .....
#...#...... #...#......
#.......... #...# #...#
#S#.## #########@#..#
#....#.<.)##>#######
#......####)........
#............#######
#####(...#######.######.
#.....................>.
#.....##########.####..#
#####..####### #.#
##....)..###.#


You could see an adder.

Vanquished Creatures
  An orc (D:4)
  4 jackals (D:3)
  A kobold (D:3)
  A frilled lizard (D:3)
  A rat (D:3)
8 creatures vanquished.

Notes
Turn   | Place    | Note
-------+----------+-------------------------------------------
     0 | D:5      | Lanoc the Formicid Delver began the quest for the Orb.
     0 | D:5      | Reached XP level 1. HP: 18/18 MP: 1/1
    36 | D:4      | Found an opulent altar of Gozag.
   376 | D:4      | Noticed an iguana
   459 | D:3      | Reached XP level 2. HP: 19/24 MP: 2/2
   545 | D:3      | Slain by an adder

Illustrated notes

Levels and vault maps discovered:
D:3:      layout_rooms, grunt_decor_cap, uniq_natasha
D:4:      minmay_bubble_buster, layout_basic, serial_shops,
          kennysheep_mini_moat, grunt_gozag_breadcrumbs
D:5:      layout_loops_cross, gammafunk_ghost_icy

Skill      XL: |  1 |
---------------+----+-----
Dodging        | 2 |  2.2
Fighting       | |  3.6
Long Blades    | |  2.0
Stealth        | |  6.0

Action                   || total
-------------------------++-------
Melee: Falchion          ||    40
Armor: Leather armour    ||    10
Dodge: Dodged            ||    28
       Rpst.: Falchion   ||    12

Table legend: (Time is in decaauts)
 A = Elapsed time spent in this place.
 B = Non-inter-level travel time spent in this place.
 C = Inter-level travel time spent in this place.
 D = Time resting spent in this place.
 E = Time spent auto-exploring this place.
 F = Levels seen in this place.
 G = Mean time per level.
                   A        B        C        D        E       F      G
               +--------+--------+--------+--------+--------+-----+--------+
         Total |    552 |    552 |      0 |      0 |    433 |   3 |  184.0 |
       Dungeon |    552 |    552 |      0 |      0 |    433 |   3 |  184.0 |
               +--------+--------+--------+--------+--------+-----+--------+

Top non-repeatable levels by time:
     D:4: 355 daAuts
     D:3: 169 daAuts
     D:5: 27 daAuts
